 Dungeon Crawl Stone Soup version 0.18-a0-1764-gf4ddf0b (webtiles) character file.

711 dohliylev the Covert (level 7, 0/48 HPs)
             Began as a Vampire Enchanter on Apr 13, 2016.
             Was a Follower of Dithmenos.
             Slain by a centaur skeleton (1 damage)
             ... on level 5 of the Dungeon.
             The game lasted 01:04:27 (4782 turns).

dohliylev the Covert (Vampire Enchanter)            Turns: 4782, Time: 01:04:27

Health: 0/48       AC:  4    Str:  7    XL:     7   Next: 40%
Magic:  2/11       EV: 14    Int: 17    God:    Dithmenos [*.....]
Gold:   259        SH:  0    Dex: 17    Spells: 4 memorised, 2 levels left

rFire  . . .     SeeInvis +     a - +1 dagger
rCold  + + .     Gourm    .     b - +1 robe
rNeg   + + +     Faith    .     (no shield)
rPois  ∞         Spirit   .     (no helmet)
rElec  .         Dismiss  .     j - +0 cloak
rCorr  .         Reflect  .     (no gloves)
SustAt .         Harm     .     (no boots)
MR     .....                    (no amulet)
Stlth  +++++++...               (no ring)
                                x - ring of wizardry

@: bloodless, non-regenerating, wreathed by umbra, not resistant to hostile
enchantments, extremely stealthy
A: fangs 3, see invisible, unbreathing
a: Bat Form, Renounce Religion


You were on level 5 of the Dungeon.
You worshipped Dithmenos.
Dithmenos was aware of your devotion.
You were bloodless.

You visited 1 branch of the dungeon, and saw 5 of its levels.

You collected 259 gold pieces.

Inventory:

Hand Weapons
 a - a +1 dagger (weapon)
 u - a +0 antimagic dagger
Missiles
 v - 8 javelins (quivered)
 w - 8 needles of sleeping
 y - 12 tomahawks
 E - 10 poisoned needles
Armour
 b - a +1 robe (worn)
 j - a +0 cloak (worn)
 B - a +0 helmet
Jewellery
 x - a ring of wizardry (left hand)
 z - an uncursed amulet of dismissal {unknown}
Wands
 A - a wand of iceblast (8/15)
Scrolls
 e - 8 scrolls of identify {unknown}
 f - a scroll of immolation {unknown}
 g - 2 scrolls of teleportation {unknown}
 h - 4 scrolls of remove curse {unknown}
 i - 4 scrolls of enchant armour {unknown}
 p - a scroll of amnesia {unknown}
 r - a scroll of enchant weapon {unknown}
 s - 2 scrolls of fear {unknown}
 C - a scroll of recharging {unknown}
 D - a scroll of vulnerability {unknown}
 F - a scroll of blinking {unknown}
Potions
 d - 16 potions of blood
 k - a potion of heal wounds {unknown}
 m - 2 potions of curing {unknown}
 o - 2 potions of agility {unknown}
 q - a potion of invisibility {unknown}
 t - a potion of haste {unknown}
Books
 c - a book of Maledictions

   Spells                             Type                      Level
   a - Corona                         Hexes                        1
   b - Ensorcelled Hibernation        Hexes/Ice                    2
   c - Confuse                        Hexes                        3
   d - Tukima's Dance                 Hexes                        3
   e - Dazzling Spray                 Conjuration/Hexes            3
 n - a book of Clouds

   Spells                             Type                      Level
   a - Mephitic Cloud                 Conjuration/Poison/Air       3
   b - Conjure Flame                  Conjuration/Fire             3
   c - Poisonous Cloud                Conjuration/Poison/Air       6
   d - Freezing Cloud                 Conjuration/Ice/Air          6
   e - Ring of Flames                 Charms/Fire                  7
Miscellaneous
 l - a plain deck of changes


   Skills:
 + Level 1.2 Fighting
 + Level 1.8 Short Blades
 + Level 3.7 Dodging
 * Level 9.6 Stealth
 + Level 2.9 Spellcasting
 + Level 0.1 Conjurations
 + Level 6.3 Hexes
 + Level 2.1 Ice Magic
 + Level 0.1 Poison Magic


You had 2 spell levels left.
You knew the following spells:

 Your Spells              Type           Power        Failure   Level  Hunger
a - Corona                Hex            ###....      1%          1    #......
b - Ensorcelled Hibernat  Hex/Ice        ###...       2%          2    ##.....
c - Dazzling Spray        Conj/Hex       ##......     7%          3    ###....
d - Mephitic Cloud        Conj/Pois/Air  #.......     30%         3    ###....


Dungeon Overview and Level Annotations

Branches:
Dungeon (5/15)
 Temple: D:4-7

Altars:
Ashenzari
Dithmenos
Elyvilon
Gozag
Makhleb
Nemelex Xobeh
Okawaru
Xom

Shops:
D:5 %


Innate Abilities, Weirdness & Mutations

You do not heal naturally.
You are immune to poison.
You have razor-sharp teeth.
You have supernaturally acute eyesight.
You can survive without breathing.


Message History

Press: ? - help, Shift-Dir - straight line, f/p - crimson imp
Aim: a crimson imp (umbra, chance to defeat MR: 29%)
The crimson imp looks drowsy...
The centaur skeleton barely misses you. The centaur skeleton hits you.
* * * LOW HITPOINT WARNING * * *
The helpless crimson imp fails to defend itself.
You stick the crimson imp like a pincushion!!!
You kill the crimson imp!
Dithmenos accepts your kill.
The centaur skeleton closely misses you.
The centaur skeleton barely misses you. The centaur skeleton hits you.
* * * LOW HITPOINT WARNING * * *
Casting: Ensorcelled Hibernation
Confirm with . or Enter, or press ? or * to list all spells.
You don't have enough magic to cast that spell.
Unknown command.
The centaur skeleton barely misses you. The centaur skeleton hits you.
You die...

#.# 5 #.# o #.#
#######. #.#
#.....S.
#.########..##.##
#......<)....#.#
#.###.####.......
###Z...[...#.....##
#.@...####.#...###
##.###.# #...# #..#
#.# ....# #..###.#
.#.#..
#......####....###
#.##..........
#.##.##.####..
#.##.# .# #.##.##..


You could see a centaur skeleton.

Vanquished Creatures
  An ogre (D:5)
  A scorpion (D:4)
  A howler monkey (D:5)
  3 crimson imps
  A giant frog zombie (D:5)
  Crazy Yiuf (D:4)
  An orc priest (D:3)
  An orc wizard (D:3)
  A giant frog skeleton (D:5)
  Jessica (D:3)
  An iguana (D:4)
  Terence (D:3)
  7 adders
  2 shadow imps
  4 oozes
  2 worms
  4 dart slugs
  A giant gecko (D:3)
  17 orcs
  3 giant cockroaches
  8 goblins
  10 hobgoblins
  7 jackals
  8 kobolds
  5 quokkas
  8 bats
  A giant newt (D:2)
  8 rats
109 creatures vanquished.

Vanquished Creatures (others)
  5 toadstools (D:1)
5 creatures vanquished.

Grand Total: 114 creatures vanquished

Notes
Turn   | Place    | Note
--------------------------------------------------------------
     0 | D:1      | dohliylev the Vampire Enchanter began the quest for the Orb.
     0 | D:1      | Reached XP level 1. HP: 13/13 MP: 3/3
    97 | D:1      | Reached XP level 2. HP: 17/19 MP: 5/5
   240 | D:1      | Reached skill level 5 in Stealth
   575 | D:1      | Learned a level 2 spell: Ensorcelled Hibernation
   762 | D:2      | Reached XP level 3. HP: 24/24 MP: 1/6
   822 | D:2      | Found a sparkling altar of Nemelex Xobeh.
  1334 | D:2      | Reached skill level 6 in Stealth
  1334 | D:2      | Reached skill level 5 in Hexes
  1334 | D:2      | Reached XP level 4. HP: 15/31 MP: 1/7
  1474 | D:2      | Found a shattered altar of Ashenzari.
  1477 | D:2      | Found an opulent altar of Gozag.
  1480 | D:2      | Found an iron altar of Okawaru.
  1719 | D:3      | Found a faded altar to an unknown god.
  1806 | D:3      | Noticed Terence
  1952 | D:3      | Noticed Jessica
  1959 | D:3      | Killed Jessica
  1999 | D:3      | Learned a level 3 spell: Dazzling Spray
  2047 | D:3      | Reached XP level 5. HP: 25/36 MP: 5/8
  2057 | D:3      | Reached skill level 7 in Stealth
  2057 | D:3      | Reached skill level 1 in Ice Magic
  2543 | D:3      | Found a shadowy altar of Dithmenos.
  2544 | D:3      | Found a burning altar of Makhleb.
  2549 | D:3      | Became a worshipper of Dithmenos the Shadowed
  3112 | D:3      | Killed Terence
  3512 | D:4      | Reached XP level 6. HP: 27/42 MP: 1/9
  3645 | D:4      | Learned a level 3 spell: Mephitic Cloud
  3656 | D:4      | Reached skill level 8 in Stealth
  3692 | D:4      | Found a white marble altar of Elyvilon.
  3700 | D:4      | Reached skill level 1 in Fighting
  3752 | D:4      | Reached * piety under Dithmenos
  3873 | D:4      | Found a shimmering altar of Xom.
  3960 | D:4      | Noticed Crazy Yiuf
  3966 | D:4      | Killed Crazy Yiuf
  4103 | D:5      | Entered Level 5 of the Dungeon
  4213 | D:5      | Found Cunk's Food Shoppe.
  4328 | D:5      | Reached skill level 9 in Stealth
  4436 | D:5      | Reached XP level 7. HP: 48/48 MP: 4/11
  4776 | D:5      | HP: 1/48 [centaur skeleton (2)]
  4782 | D:5      | Slain by a centaur skeleton

Vault maps used:
D:1:      ldierk_walled_garden
D:2:      nemelex_deck, grunt_temple_overflow_diamond
D:3:      gammafunk_temple_overflow_statue, ecumenical_altar_2, uniq_terence,
          uniq_jessica
D:4:      nicolae_overflow_hidden_temple, first_bread, elyvilon_altar_1,
          uniq_crazy_yiuf_cottage
D:5:      minmay_opposing_rooms, serial_shops, shop

Skill      XL: |  1  2  3  4  5  6  7 |
---------------+----------------------+-----
Stealth        | 5 6 7 9 |  9.6
Hexes          | 5 6 |  6.3
Ice Magic      | 1 2 |  2.1
Dodging        | 3 |  3.7
Fighting       | 1 |  1.2
Short Blades   | |  1.8
Spellcasting   | |  2.9
Conjurations   | |  0.1
Poison Magic   | |  0.1

Action                   |  1- 3 |  4- 6 |  7- 9 || total
-------------------------+-------+-------+-------++-------
Melee: Dagger            |   113 |   181 |   105 ||   399
       Bite              |     9 |    12 |     9 ||    30
Throw: Javelin           |       |       |     1 ||     1
 Cast: Ensorcelled Hiber |    15 |    50 |    15 ||    80
       Corona            |     2 |     3 |     2 ||     7
       Dazzling Spray    |       |     2 |       ||     2
       Mephitic Cloud    |       |     1 |     1 ||     2
 Abil: End Transformatio |       |     1 |       ||     1
       Bat Form          |       |     1 |       ||     1
  Use: Potion            |       |     1 |       ||     1
 Stab: Sleeping          |    17 |    46 |     6 ||    69
       Confused          |       |       |     1 ||     1
Armor: Robe              |    30 |    37 |    17 ||    84
Dodge: Dodged            |    80 |   121 |    67 ||   268
